 Dungeon Crawl Stone Soup version 0.23.0 (webtiles) character file.

Game seed: 5754192901524789541

153004 Enish the Severer (level 16, 0/170 HPs)
             Began as a Minotaur Berserker on Feb 15, 2019.
             Was a High Priest of Trog.
             Killed by Olgreb's Toxic Radiance
             ... invoked by a naga ritualist
              (2 damage)
             ... on level 4 of the Snake Pit.
             The game lasted 00:24:56 (26577 turns).

Enish the Severer (Minotaur Berserker)             Turns: 26577, Time: 00:24:57

Health: 0/170      AC: 41    Str: 30    XL:     16   Next: 74%
Magic:  0/15       EV: 30    Int:  5    God:    Trog [*****.]
Gold:   1110       SH:  0    Dex: 21    Spells: 15/15 levels left

rFire    . . .     SeeInvis .   M - +4 battleaxe (freeze)
rCold    + . .     Gourm    .   (shield currently unavailable)
rNeg     + . .     Faith    .   i - +10 plate armour {ponderous}
rPois    .         Spirit   +   J - +2 hat
rElec    .         Reflect  .   U - +2 ratskin cloak {+Rats rPois rN+ Str-1 Int-1 Dex+1}
rCorr    .         Harm     .   j - +2 pair of gloves
MR       +....                  x - +0 pair of boots (curse)
Stlth    ..........             m - amulet of guardian spirit
HPRegen  0.38/turn              F - +5 ring of evasion (curse)
MPRegen  0.14/turn              p - +3 ring of protection

@: mighty, agile, lethally poisoned (0 -> -60), poison vulnerable, very slightly
contaminated, hasted, very quick
A: retaliatory headbutt, horns 2, agile 1, clever 1, cold resistance 1, robust 1
}: 1/15 runes: serpentine
a: Berserk, Trog's Hand, Brothers in Arms, Renounce Religion, Evoke Ratskin


You were on level 4 of the Snake Pit.
You worshipped Trog.
Trog was extremely pleased with you.
You were not hungry.

You visited 4 branches of the dungeon, and saw 25 of its levels.
You also visited: Ossuary.

You collected 2579 gold pieces.
You spent 1469 gold pieces at shops.

Inventory:

Hand Weapons
 c - a +1 antimagic executioner's axe
   (Trog gifted it to you on level 3 of the Snake Pit)
 f - a +5 scythe of protection
   (You took it off Sigmund on level 2 of the Dungeon)
 k - a +0 broad axe
   (You found it on level 3 of the Dungeon)
 B - a +3 battleaxe of chopping
   (You took it off an orc warrior on level 6 of the Dungeon)
 M - a +4 battleaxe of freezing (weapon)
   (You took it off a death knight on level 11 of the Dungeon)
Armour
 b - a +0 plate armour of fire resistance
   (You took it off Louise on level 1 of the Snake Pit)
 i - a +10 plate armour of ponderousness (worn)
   (You bought it in a shop on level 2 of the Snake Pit)
 j - a +2 pair of gloves (worn)
   (You found it on level 1 of the Lair of Beasts)
 l - a +0 plate armour
   (You took it off an orc warrior on level 7 of the Dungeon)
 x - a cursed +0 pair of boots (worn)
   (You found it on level 5 of the Dungeon)
 J - a +2 hat (worn)
   (You took it off Gastronok on level 12 of the Dungeon)
 U - the +2 ratskin cloak (worn) {+Rats rPois rN+ Str-1 Int-1 Dex+1}
   (You found it on level 5 of the Dungeon)

   It affects your strength (-1).
   It affects your intelligence (-1).
   It affects your dexterity (+1).
   It protects you from poison.
   It protects you from negative energy.
Jewellery
 m - an amulet of guardian spirit (around neck)
   (You found it on level 8 of the Dungeon)
 p - a +3 ring of protection (right hand)
   (You found it on level 6 of the Dungeon)
 u - an uncursed ring of fire
   (You found it on level 8 of the Dungeon)
 F - a cursed +5 ring of evasion (left hand)
   (You found it on level 3 of the Dungeon)
Wands
 g - a wand of scattershot (13)
   (You found it on level 7 of the Dungeon)
 v - a wand of digging (7)
   (You found it on level 11 of the Dungeon)
 C - a wand of clouds (15)
   (You found it on level 8 of the Dungeon)
 G - a wand of iceblast (15)
   (You found it on level 7 of the Dungeon)
 H - a wand of acid (12)
   (You found it on level 10 of the Dungeon)
Scrolls
 n - 2 scrolls of enchant armour
 r - 16 scrolls of identify
 t - 5 scrolls of teleportation
 A - 5 scrolls of magic mapping
 I - 4 scrolls of fog
 P - 19 scrolls of remove curse
 T - 3 scrolls of fear
Potions
 a - a potion of cancellation
 d - 2 potions of might
 h - 8 potions of haste
 q - 11 potions of curing
 s - a potion of agility
 w - a potion of heal wounds
 y - 2 potions of ambrosia
 E - 6 potions of brilliance
 L - 2 potions of degeneration
 O - 2 potions of berserk rage
 R - 4 potions of resistance
 V - a potion of flight
Comestibles
 e - 35 rations


   Skills:
 * Level 17.2 Fighting
 - Level 20.1(20.2) Axes
 - Level 3.1(14.0) Polearms
 + Level 16.2 Armour
 + Level 15.0 Dodging


You had 15 spell levels left.
You didn't know any spells.
Your spell library was empty.

Dungeon Overview and Level Annotations

Branches:
Dungeon (13/15)            Temple (0/1) D:4            Lair (6/6) D:10
 Shoals (0/4) Lair:4        Snake (4/4) Lair:3        Slime (0/5) Lair:5
    Orc (2/2) D:11            Elf (0/3) Orc:2
 Vaults: D:13-14

Altars:
Ashenzari
Kikubaaqudgha
Makhleb
Nemelex Xobeh
Sif Muna
Yredelemnul
Zin
The Shining One
Beogh
Jiyva

Shops:
D:10 *   Orc:2 ??[[   Snake:2 *!:[   Snake:3 *   Snake:4 %

Annotations:
D:6 1 runed translucent door, GordonOverkill's ghost, novice DDFE
Lair:5 1 runed translucent door, exclusion: oklob plant, Catiua's ghost, journeyman MiBe


Innate Abilities, Weirdness & Mutations

You reflexively headbutt those who attack you in melee.
You have a pair of horns on your head.
You are agile. (Dex +2)
Your mind is acute. (Int +2)
Your flesh is cold resistant. (rC+)
You are robust. (+10% HP)


Message History

The nagaraja gestures at you while chanting.
The orb of energy hits you!!
* * * LOW HITPOINT WARNING * * *
The orb of energy explodes!
The nagaraja casts a spell at you. The bolt of poison hits you!!
You are more poisoned.
* * * LOW HITPOINT WARNING * * *
You hear a shout! x2
Unknown command.
Unknown command.
Blink to where?
Press: ? - help, Dir - move target cursor
As you read the scroll of blinking, it crumbles to dust.
* * * LOW HITPOINT WARNING * * *
You feel very sick.
* * * LOW HITPOINT WARNING * * *
You are more poisoned.
The naga ritualist's toxic aura wanes.
You die...

.....NN..........#
...#.............#
..N.............#
......N.N.N....# ..#
....NN.NNN(....# ...#
......NNNNN....##...#
.#### #....N(.....# ....#
....####...ยง).((###.....#
..[..##.######(#@##....#
..)..[.##########.)....#
........).............##
##..................###
######.......#######
#########


You could see a naga warrior, 2 nagarajas, 2 naga sharpshooters, 2 naga
ritualists, 3 naga magi and 3 nagas.

Vanquished Creatures
  Saint Roka (Snake:2)
  Gastronok (D:12)
  Agnes (Snake:1)
  Kirke (D:12)
  5 nagarajas
  Louise (Snake:1)
  Azrael (D:12)
  Josephine (D:10)
  Harold (D:7)
  12 naga warriors
  A hydra (Lair:6)
  6 anacondas
  Erica (Lair:2)
  A centaur warrior (D:13)
  2 two-headed ogres
  A tengu warrior (D:13)
  3 orc high priests (Orc:2)
  6 shock serpents
  Urug (Lair:5)
  12 naga sharpshooters
  3 salamander mystics (Snake:3)
  A sea snake (Snake:4)
  3 unseen horrors
  A lindwurm (Lair:6)
  4 naga ritualists
  4 mana vipers
  A deep elf mage (D:13)
  A manticore (Lair:4)
  3 orc sorcerers
  12 salamanders
  2 cyclopes
  35 black mambas
  2 guardian serpents (Snake:3)
  23 naga magi
  5 elephants
  A gargoyle (D:11)
  23 spiny frogs
  2 rime drakes
  An efreet (D:11)
  5 komodo dragons
  2 ice devils (D:13)
  8 trolls
  2 queen bees
  3 tyrant leeches (Lair:6)
  2 hornets
  8 polar bears
  15 hippogriffs
  2 slime creatures (D:13)
  22 blink frogs
  A centaur simulacrum (D:13)
  Sigmund (D:2)
  A water elemental (D:13)
  A vampire (D:12)
  49 yaks
  A spriggan (D:7)
  2 shadows
  10 wyverns
  5 wraiths (D:10)
  5 hogs (D:12)
  2 fire elementals (D:12)
  6 basilisks
  A hungry ghost (D:9)
  A steam dragon (Lair:2)
  2 wargs
  6 vampire mosquitoes (Lair:6)
  2 acid dragons
  2 hell hounds (D:12)
  17 water moccasins
  42 nagas
  3 black bears
  4 porcupines
  Duvessa (D:7)
  4 phantoms
  4 sky beasts
  16 orc warriors
  A hornet zombie (D:13)
  A meliai simulacrum (D:13)
  A necrophage (D:11)
  8 ice beasts
  16 wolves
  8 ogres
  4 centaurs
  8 crocodiles
  2 big kobolds
  20 bullfrogs
  Dowan (D:7)
  A hornet simulacrum (D:13)
  4 scorpions
  64 killer bees
  3 howler monkeys (D:10)
  9 electric eels
  7 crimson imps
  A quasit (D:6)
  6 centaur zombies (Ossuary)
  A wyvern simulacrum (D:13)
  6 hounds
  3 jellies
  A bullfrog skeleton (D:12)
  25 orc priests
  A centaur skeleton (D:7)
  3 hell rats (D:5)
  6 iguanas
  30 orc wizards
  6 worker ants
  2 bullfrog simulacra (D:13)
  A hound zombie (D:10)
  2 mummies (Ossuary)
  2 worker ant zombies
  3 gnolls (D:4)
  4 river rats (D:5)
  7 adders
  5 white imps (D:13)
  An ufetubus (D:13)
  An ooze (D:5)
  2 adder zombies (D:8)
  3 adder skeletons
  4 worms
  3 dart slugs
  2 leopard geckos
  76 orcs
  2 ball pythons
  6 bats
  6 giant cockroaches
  7 goblins
  12 hobgoblins
  10 jackals
  21 kobolds
  8 quokkas
  2 frilled lizards
  A giant cockroach zombie (D:5)
  A hobgoblin zombie (Ossuary)
  A leopard gecko zombie (D:6)
  23 rats
  2 fungi
  8 plants
919 creatures vanquished.

Vanquished Creatures (collateral kills)
  A death knight (D:11)
  An orc high priest (Orc:2)
  A blink frog (Lair:6)
  A hippogriff (Lair:6)
  2 orc warriors (Orc:2)
  2 killer bees (Lair:1)
  An electric eel (Lair:6)
  3 orc priests (Orc:2)
  2 mummies (Ossuary)
  3 orcs (Orc:2)
17 creatures vanquished.

Vanquished Creatures (others)
  A black mamba (Snake:3)
  An orc priest (Orc:2)
  An ufetubus (D:13)
  2 orcs (D:7)
  5 fungi
  23 plants
33 creatures vanquished.

Grand Total: 969 creatures vanquished

Notes
Turn   | Place    | Note
-------+----------+-------------------------------------------
     0 | D:1      | Enish the Minotaur Berserker began the quest for the Orb.
     0 | D:1      | Reached XP level 1. HP: 19/19 MP: 0/0
   101 | D:1      | Reached XP level 2. HP: 27/27 MP: 1/1
   356 | D:1      | Reached ** piety under Trog
   356 | D:1      | Reached skill level 4 in Axes
   427 | D:1      | Reached XP level 3. HP: 30/33 MP: 2/2
  1115 | D:2      | Noticed Sigmund
  1132 | D:2      | Killed Sigmund
  1132 | D:2      | Reached XP level 4. HP: 6/41 MP: 3/3
  1132 | D:2      | Reached XP level 5. HP: 7/47 MP: 4/4
  1400 | D:2      | Found an ancient bone altar of Kikubaaqudgha.
  2065 | D:3      | Reached skill level 1 in Polearms
  2068 | D:3      | Reached XP level 6. HP: 55/55 MP: 5/5
  2600 | D:4      | Reached *** piety under Trog
  2698 | D:4      | Reached skill level 5 in Fighting
  2700 | D:4      | Reached skill level 5 in Axes
  2812 | D:4      | Found a shattered altar of Ashenzari.
  2901 | D:4      | Reached XP level 7. HP: 61/61 MP: 6/6
  3002 | D:4      | Reached skill level 5 in Armour
  3072 | D:4      | Found a staircase to the Ecumenical Temple.
  3083 | D:4      | Reached **** piety under Trog
  3476 | D:5      | Entered Level 5 of the Dungeon
  3608 | D:5      | Reached skill level 6 in Axes
  3612 | D:5      | Reached skill level 5 in Dodging
  4069 | D:5      | Found the +2 ratskin cloak {+Rats rPois rN+ Str-1 Int-1
                  | Dex+1}
  4280 | D:5      | Reached XP level 8. HP: 38/70 MP: 7/7
  4774 | D:5      | Reached skill level 7 in Axes
  5359 | D:6      | Noticed a hornet
  5361 | D:6      | Reached ***** piety under Trog
  5366 | D:6      | Killed a hornet
  5366 | D:6      | Reached skill level 8 in Axes
  5647 | D:6      | Found a glowing silver altar of Zin.
  5705 | D:6      | Found a runed translucent door.
  5706 | D:6      | Noticed GordonOverkill's ghost (novice DDFE)
  5806 | D:7      | Reached XP level 9. HP: 79/79 MP: 8/8
  6003 | D:7      | Noticed Dowan
  6004 | D:7      | Noticed Duvessa
  6010 | D:7      | Reached skill level 9 in Axes
  6010 | D:7      | Killed Duvessa
  6013 | D:7      | Killed Dowan
  6049 | D:7      | Received a gift from Trog
  6119 | D:7      | Found a sand-covered staircase.
  6211 | D:7      | Noticed Harold
  6222 | D:7      | Killed Harold
  6222 | D:7      | Reached skill level 10 in Axes
  6295 | Ossuary  | Entered an ossuary
  6400 | Ossuary  | Gained mutation: Your flesh is cold resistant. (rC+)
                  | [potion of mutation]
  6400 | Ossuary  | Gained mutation: You are agile. (Dex +2) [potion of
                  | mutation]
  6400 | Ossuary  | Gained mutation: You are robust. (+10% HP) [potion of
                  | mutation]
  6400 | Ossuary  | Gained mutation: Your mind is acute. (Int +2) [potion of
                  | mutation]
  6613 | D:7      | Found a sparkling altar of Nemelex Xobeh.
  6613 | D:7      | Found a deep blue altar of Sif Muna.
  6791 | D:8      | Reached XP level 10. HP: 94/99 MP: 9/9
  6937 | D:8      | Reached skill level 11 in Axes
  7675 | D:9      | Found a glowing golden altar of the Shining One.
  7873 | D:9      | Found a basalt altar of Yredelemnul.
  8194 | D:10     | Entered Level 10 of the Dungeon
  8208 | D:10     | Noticed Josephine
  8219 | D:10     | Killed Josephine
  8219 | D:10     | Reached skill level 12 in Axes
  8223 | D:10     | Reached XP level 11. HP: 108/108 MP: 8/10
  8296 | D:10     | Found a staircase to the Lair.
  8405 | D:10     | Reached skill level 10 in Fighting
  8434 | D:10     | Found Xiemilaa's Mass Market.
  8482 | D:10     | Reached skill level 10 in Armour
  8809 | D:11     | Reached skill level 13 in Axes
  8851 | D:11     | Noticed a death knight
  9310 | D:11     | Found a staircase to the Orcish Mines.
  9856 | D:11     | Killed an unseen horror
 10094 | D:11     | Killed a death knight
 10245 | D:12     | Noticed a two-headed ogre
 10252 | D:12     | Killed a two-headed ogre
 10261 | D:12     | Noticed Azrael
 10275 | D:12     | Killed Azrael
 10275 | D:12     | Reached skill level 14 in Axes
 10275 | D:12     | Reached skill level 10 in Dodging
 10423 | D:12     | Noticed Gastronok
 10433 | D:12     | Killed Gastronok
 10433 | D:12     | Reached XP level 12. HP: 121/121 MP: 9/11
 10618 | D:12     | Noticed Kirke
 10641 | D:12     | Killed Kirke
 10938 | D:13     | Reached skill level 15 in Axes
 11318 | D:13     | Noticed a two-headed ogre
 11325 | D:13     | Killed a two-headed ogre
 11331 | D:13     | Noticed a tengu warrior
 11333 | D:13     | Noticed a centaur warrior
 11340 | D:13     | Killed a centaur warrior
 11344 | D:13     | Killed a tengu warrior
 11349 | D:13     | Reached XP level 13. HP: 129/129 MP: 9/12
 11456 | D:13     | Identified Sif Muna's Reference Book on Warped
                  | Confrontation
 11458 | D:13     | Identified the Tome of the Frostbite
 11587 | D:13     | Received a gift from Trog
 12614 | Orc:1    | Entered Level 1 of the Orcish Mines
 12671 | Orc:1    | Reached skill level 16 in Axes
 12913 | Orc:1    | Found a roughly hewn altar of Beogh.
 12963 | Orc:2    | Entered Level 2 of the Orcish Mines
 13027 | Orc:2    | Found a staircase to the Elven Halls.
 14260 | Orc:2    | Found Diakkur's Antique Armour Shop.
 14260 | Orc:2    | Found Aggaysiq's Armour Shop.
 14291 | Orc:2    | Found Ricazul's Magic Scroll Boutique.
 14295 | Orc:2    | Found Hozevi Ehui's Magic Scroll Boutique.
 14300 | Orc:2    | Bought a scroll of fog for 34 gold pieces
 14301 | Orc:2    | Bought 2 scrolls of fear for 70 gold pieces
 14627 | Lair:1   | Entered Level 1 of the Lair of Beasts
 15389 | Lair:1   | Found a dark tunnel.
 15643 | Lair:2   | Received a gift from Trog
 15667 | Lair:2   | Reached skill level 17 in Axes
 17207 | Lair:2   | Noticed Erica
 17215 | Lair:2   | Killed Erica
 17630 | Lair:3   | Reached XP level 14. HP: 131/141 MP: 11/13
 18323 | Lair:3   | Found a staircase to the Snake Pit.
 18621 | Snake:1  | Entered Level 1 of the Snake Pit
 18795 | Lair:4   | Found a staircase to the Shoals.
 19609 | Lair:5   | Found a runed translucent door.
 19612 | Lair:5   | Noticed Catiua's ghost (journeyman MiBe)
 19677 | Lair:5   | Noticed Urug
 19697 | Lair:5   | Killed Urug
 20035 | Lair:5   | Found a staircase to the Slime Pits.
 20036 | Lair:5   | Found a viscous altar of Jiyva.
 20120 | Lair:5   | Reached skill level 18 in Axes
 20495 | Lair:6   | Entered Level 6 of the Lair of Beasts
 20789 | Lair:6   | Received a gift from Trog
 21480 | Lair:6   | Received a gift from Trog
 21670 | Lair:6   | Reached XP level 15. HP: 152/152 MP: 14/14
 22144 | Snake:1  | Noticed Agnes
 22156 | Snake:1  | Killed Agnes
 22156 | Snake:1  | Reached skill level 19 in Axes
 22351 | Snake:1  | Noticed Louise
 22360 | Snake:1  | Killed Louise
 22444 | Snake:1  | Noticed a nagaraja
 23089 | Snake:1  | Killed a nagaraja
 23933 | Snake:2  | Reached skill level 15 in Fighting
 24074 | Snake:2  | Found Giriepp's General Store.
 24074 | Snake:2  | Noticed Saint Roka
 24100 | Snake:2  | Killed Saint Roka
 24100 | Snake:2  | Reached skill level 15 in Armour
 24106 | Snake:2  | Bought a potion of resistance for 200 gold pieces
 24106 | Snake:2  | Bought a scroll of blinking for 150 gold pieces
 24200 | Snake:2  | Found Xoff's Armour Emporium.
 24247 | Snake:2  | Bought a +10 plate armour of ponderousness for 550 gold
                  | pieces
 24297 | Snake:2  | Found Cozor's Book Shop.
 24310 | Snake:2  | Found a burning altar of Makhleb.
 24346 | Snake:2  | Identified the +3 chain mail of the Marlin {rN+} (You found
                  | it on level 2 of the Snake Pit)
 24402 | Snake:2  | Noticed a nagaraja
 24414 | Snake:2  | Killed a nagaraja
 24414 | Snake:2  | Reached skill level 20 in Axes
 24637 | Snake:2  | Found Benatir's Distillery.
 24649 | Snake:2  | Bought 2 potions of curing for 126 gold pieces
 24649 | Snake:2  | Bought a potion of curing for 63 gold pieces
 24649 | Snake:2  | Bought a potion of heal wounds for 105 gold pieces
 24649 | Snake:2  | Bought a potion of curing for 63 gold pieces
 24649 | Snake:2  | Bought a potion of curing for 63 gold pieces
 24766 | Snake:3  | Reached XP level 16. HP: 132/163 MP: 12/15
 24776 | Snake:3  | Received a gift from Trog
 25157 | Snake:3  | Found Jair Foi's General Store.
 25165 | Snake:3  | Bought a scroll of teleportation for 45 gold pieces
 26085 | Snake:4  | Entered Level 4 of the Snake Pit
 26105 | Snake:4  | Found Fazxolisi's Food Shoppe.
 26499 | Snake:4  | Received a gift from Trog
 26513 | Snake:4  | Reached skill level 15 in Dodging
 26576 | Snake:4  | Got a serpentine rune of Zot
 26576 | Snake:4  | HP: 6/170 [nagaraja/bolt of poison (21)]
 26577 | Snake:4  | HP: 2/170 [naga ritualist/Olgreb's Toxic Radiance (1)]
 26577 | Snake:4  | Killed from afar by a naga ritualist

Skill      XL: |  1  2  3  4  5  6  7  8  9 10 11 12 13 14 15 16 |
---------------+-------------------------------------------------+-----
Fighting       | 4 5 6 7 8 9 11 12 13 14 15 17 | 17.2
Axes           | 4 5 6 8 10 12 14 15 17 18 20 | 20.1
Armour         | 3 4 5 6 8 9 11 12 13 14 15 16 | 16.2
Dodging        | 3 4 5 6 7 8 10 11 12 13 14 15 | 15.0
Polearms       | 1 3 |  3.1

Action                   |  1- 3 |  4- 6 |  7- 9 | 10-12 | 13-15 | 16-18 || total
-------------------------+-------+-------+-------+-------+-------+-------++-------
Melee: Hand axe          |    87 |     1 |       |       |       |       ||    88
       Headbutt          |     8 |    10 |    41 |    92 |   276 |    62 ||   489
       Scythe            |       |    54 |       |       |       |       ||    54
       Broad axe         |       |    16 |   157 |       |       |       ||   173
       Battleaxe         |       |       |    61 |   405 |  1138 |   248 ||  1852
Invok: Berserk           |     1 |       |     6 |     8 |     6 |       ||    21
       Trog's Hand       |       |       |     3 |    11 |    30 |     5 ||    49
       Brothers in Arms  |       |       |     1 |     1 |     4 |     1 ||     7
  Use: Scroll            |     4 |     3 |     7 |    10 |    12 |     4 ||    40
       Potion            |       |       |    10 |       |     2 |     7 ||    19
 Stab: Sleeping          |       |     1 |     1 |       |       |       ||     2
       Distracted        |       |       |       |       |       |     1 ||     1
  Eat: Chunk             |     1 |     3 |    11 |    23 |    35 |     4 ||    77
       Ration            |       |     1 |     3 |     2 |     9 |     1 ||    16
Armor: Animal skin       |    22 |    22 |    48 |       |       |       ||    92
       Plate armour      |       |       |     3 |   267 |   488 |   128 ||   886
Dodge: Dodged            |    57 |    49 |   156 |   493 |  1036 |   212 ||  2003
